 Dungeon Crawl Stone Soup version 0.29.0 (webtiles) character file.

Game seed: 14268001946992787593

42 Lutefisk the Trooper (level 3, -5/33 HPs)
             Began as a Ghoul Monk on Aug 24, 2022.
             Killed from afar by Sigmund (10 damage)
             ... with a puff of flame
             ... on level 2 of the Dungeon.
             The game lasted 00:03:20 (548 turns).

Lutefisk the Trooper (Ghoul Monk)                    Turns: 548, Time: 00:03:20

Health: -5/33      AC:  2    Str: 16    XL:     3   Next: 56%
Magic:  2/2        EV: 12    Int:  5    God:
Gold:   37         SH:  0    Dex: 11    Spells: 2/2 levels left

rFire   . . .      SeeInvis .     - Unarmed
rCold   + . .      Faith    .   (no shield)
rNeg    + + +      Spirit   .   a - +0 robe
rPois   ∞          Reflect  .   (no helmet)
rElec   .          Harm     .   (no cloak)
rCorr   .          Rampage  .   (no gloves)
Will    .....                   (no boots)
Stlth   ++........              (no amulet)
HPRegen 0.00/turn               f - ring of flight
MPRegen 0.08/turn               (no ring)

@: flying, inhibited regen
A: claws 1, cold resistance 1, negative energy resistance 3, inhibited
regeneration, torment resistance 2, devour on kill
a: no special abilities


You were on level 2 of the Dungeon.
You visited 1 branch of the dungeon, and saw 2 of its levels.

You collected 37 gold pieces.

Inventory:

Missiles
 e - 3 poisoned darts (quivered)
Armour
 a - a +0 robe (worn)
Jewellery
 f - a ring of flight (left claw)
Scrolls
 g - a scroll of teleportation {unknown}
 j - 2 scrolls of vulnerability {unknown}
 k - a scroll of identify {unknown}
 l - a scroll of enchant weapon {unknown}
 m - a scroll of fear {unknown}
Potions
 b - a potion of ambrosia
 c - 2 potions of heal wounds {unknown}
 d - a potion of attraction {unknown}
 h - a potion of brilliance {unknown}
 i - a potion of curing {unknown}


   Skills:
 * Level 4.0 Fighting
 - Level 2.6 Dodging
 - Level 3.0 Stealth
 - Level 4.0 Unarmed Combat


You had 2 spell levels left.
You didn't know any spells.
Your spell library was empty.

Dungeon Overview and Level Annotations

Branches:
Dungeon (2/15)

Altars:

Annotations:
D:2 Sigmund


Innate Abilities, Weirdness & Mutations

You are immune to poison.
You have sharp fingernails.
Your flesh is cold resistant. (rC+)
You are immune to negative energy. (rN+++)
You do not regenerate when monsters are visible.
You are immune to unholy pain and torment.
You thrive by killing the living.


Message History

You miss the kobold. You scratch the kobold.
The kobold is moderately wounded.
The kobold hits you with a +0 dagger.
You miss the kobold.
The kobold is moderately wounded.
The kobold barely misses you.
You scratch the kobold.
You kill the kobold!
You feel better.
Training target 3.0 for Stealth reached!
Your Stealth skill increases to level 3!
You need to enable at least one skill for training.
Unknown command.
Things that are here:
a +0 dagger; 2 stones; a kobold corpse
There is a stone staircase leading down here.
You fly downwards.
Found a stone staircase leading up and a stone staircase leading down.
There is a stone staircase leading up here.
There is a stone staircase leading up here.
You fly upwards.
There is a stone staircase leading down here.
You fly downwards.
There is a stone staircase leading up here.
Found 8 stones.
Found a scroll labelled GEBRAY ZO ESCH.
Sigmund the Dreaded comes into view.
He is wielding a +0 scythe and carrying a wand of flame (21).
Sigmund shouts!
You see here a scroll labelled GEBRAY ZO ESCH.
Sigmund zaps a wand.
The puff of flame hits you!
Sigmund zaps a wand.
The puff of flame hits you!
Sigmund points at you and mumbles some strange words.
The magic dart hits you!
* * * LOW HITPOINT WARNING * * *
Sigmund casts a spell at you. You resist with significant effort.
Found 5 stones.
Sigmund zaps a wand.
The puff of flame hits you!
You die...

####..<..#
#....##..####
#.<.........#
#........#....
#........#.#..
#..........# .
#....#.##.##
#....#....######
#....#.#@...(...
#........#..####
#........#.....
###...........#.#
#.....(.####..#.#
#......## #.#.#
#.....@.# #.#.#
#....##.#####.#.#
#.... #.....@.#.#


You could see Sigmund.

Vanquished Creatures
  A gnoll (D:1)
  3 dart slugs (D:1)
  4 endoplasms (D:1)
  A giant cockroach (D:1)
  2 goblins (D:1)
  A hobgoblin (D:1)
  4 jackals (D:1)
  2 quokkas (D:1)
  A ball python (D:1)
  2 kobolds (D:1)
  3 rats (D:1)
24 creatures vanquished.

Notes
Turn   | Place    | Note
-------+----------+-------------------------------------------
     0 | D:1      | Lutefisk the Ghoul Monk began the quest for the Orb.
     0 | D:1      | Reached XP level 1. HP: 19/19 MP: 0/0
   106 | D:1      | Reached XP level 2. HP: 21/27 MP: 1/1
   353 | D:1      | Reached XP level 3. HP: 33/33 MP: 2/2
   530 | D:2      | Noticed Sigmund
   548 | D:2      | Killed from afar by Sigmund

Illustrated notes

Levels and vault maps discovered:
D:1:      lightli_arrival_maybe_door_vault, layout_loops_cross
D:2:      layout_basic, basic_altar, hellmonk_ecumenical_altar_lost_god,
          kennysheep_generic_room_2, uniq_sigmund

Skill      XL: |  1  2  3 |
---------------+----------+-----
Fighting       | 4 |  4.0
Unarmed Combat | 4 |  4.0
Stealth        | 3 |  3.0
Dodging        | |  2.6

Action                   || total
-------------------------++-------
Melee: Unarmed           ||    81
       Punch             ||     3
 Stab: Sleeping          ||     4
Armor: Robe              ||    14
Dodge: Dodged            ||    51
